 Dungeon Crawl Stone Soup version 0.23-a0-448-g1c01f63178 (webtiles) character file.

6056 Ladeesh the Geomancer (level 10, -4/58 HPs)
             Began as a Gargoyle Earth Elementalist on Nov 20, 2018.
             Was a Believer of Vehumet.
             Slain by a tengu warrior
             ... wielding a +0 great sword
              (11 damage)
             ... on level 9 of the Dungeon.
             The game lasted 00:29:11 (11536 turns).

Ladeesh the Geomancer (GrEE)                       Turns: 11536, Time: 00:29:12

Health: -4/58      AC: 15    Str: 12    XL:     10   Next: 87%
Magic:  0/19       EV: 13    Int: 19    God:    Vehumet [**....]
Gold:   776        SH:  0    Dex: 10    Spells: 12/21 levels left

rFire    + . .     SeeInvis .   v - +2 short sword (venom)
rCold    x . .     Gourm    .   (no shield)
rNeg     + . .     Faith    .   c - +0 robe
rPois    ∞         Spirit   .   a - +0 helmet
rElec    +         Reflect  .   l - +1 cloak
rCorr    .         Harm     .   j - +0 pair of gloves
MR       .....                  y - +0 pair of boots
Stlth    ++........             B - amulet of the acrobat
HPRegen  0.19/turn              n - ring of fire (curse)
MPRegen  0.16/turn              (no ring)

@: very slightly contaminated
A: negative energy resistance 1, electricity resistance, unbreathing,
petrification resistance, rot immunity, AC +7
a: Renounce Religion


You were on level 9 of the Dungeon.
You worshipped Vehumet.
Vehumet was pleased with you.
You were not hungry.

You visited 2 branches of the dungeon, and saw 10 of its levels.
You also visited: Bailey.

You collected 776 gold pieces.

Inventory:

Hand Weapons
 e - the +2 spear of Circular Logic {venom, rF+ Str+2}
   (You found it on level 8 of the Dungeon)

   It poisons the flesh of those it strikes.
   It affects your strength (+2).
   It protects you from fire.
 v - a +2 short sword of venom (weapon)
 C - a +1 morningstar
Missiles
 b - 42 stones (quivered)
 z - a throwing net
Armour
 a - a +0 helmet (worn)
 c - a +0 robe (worn)
 j - a +0 pair of gloves (worn)
 l - a +1 cloak (worn)
 p - a +0 shield
 y - a +0 pair of boots (worn)
Jewellery
 n - a cursed ring of fire (left hand)
 B - an amulet of the acrobat (around neck)
Wands
 f - a wand of polymorph (13)
 m - a wand of flame (20)
Scrolls
 i - 4 scrolls of amnesia
 o - 7 scrolls of remove curse
 r - 4 scrolls of teleportation
 t - 3 scrolls of identify
Potions
 h - 4 potions of might
 k - 5 potions of cancellation
 u - a potion of agility
 w - 2 potions of haste
 x - 2 potions of curing
Comestibles
 d - 11 rations


   Skills:
 + Level 4.7 Fighting
 + Level 4.3 Maces & Flails
 + Level 4.7 Armour
 + Level 4.0 Dodging
 - Level 2.1 Stealth
 + Level 4.8 Shields
 + Level 6.4 Spellcasting
 + Level 6.9 Conjurations
   Level 0.7 Transmutations
 + Level 8.9 Earth Magic
 + Level 3.9 Evocations


You had 12 spell levels left.
You knew the following spells:

 Your Spells              Type           Power        Failure   Level  Hunger
a - Sandblast             Erth           #####.       1%          1    None
b - Stone Arrow           Conj/Erth      #####.       1%          3    ##.....
c - Lee's Rapid Deconstr  Erth           #####.....   8%          5    #####..

Your spell library contained the following spells:

 Spells                   Type           Power        Failure   Level  Hunger
 Throw Frost              Conj/Ice       ###...       3%          2    None
 Passwall                 Tmut/Erth      ###.....     2%          2    None
 Beastly Appendage        Tmut           #.....       8%          1    None
 Sticks to Snakes         Tmut           #.......     12%         2    None
 Petrify                  Tmut/Erth      ###.....     14%         4    ####...
 Spider Form              Tmut/Pois      #.........   28%         3    ##.....
 Ice Form                 Ice/Tmut       #.......     67%         4    ####...
 Blade Hands              Tmut           #.........   91%         5    #####..


Dungeon Overview and Level Annotations

Branches:
Dungeon (9/15)             Temple (1/1) D:4
   Lair: D:8-11         Orc: D:9-12

Altars:
Ashenzari
Cheibriados
Dithmenos
Elyvilon
Fedhas
Gozag
Hepliaklqana
Kikubaaqudgha
Makhleb
Nemelex Xobeh
Okawaru
Qazlal
Ru
Sif Muna
Trog
Uskayaw
Vehumet
Wu Jian
Xom
Yredelemnul
Zin
The Shining One


Innate Abilities, Weirdness & Mutations

You are resistant to torment.
Your stone body is resilient. (AC +7)
You are immune to poison.
You resist negative energy. (rN+)
You are resistant to electric shocks. (rElec)
You can survive without breathing.
You are immune to petrification.
You are immune to rotting.


Message History

You barely miss the tengu warrior.
The tengu warrior is almost dead.
The tengu warrior hits you but does no damage.
The tengu warrior pecks you but does no damage.
The tengu warrior claws you but does no damage.
You hit the tengu warrior but do no damage.
The tengu warrior is poisoned.
The tengu warrior is almost dead.
The tengu warrior closely misses you.
The tengu warrior pecks you but does no damage.
The tengu warrior claws you but does no damage.
Casting: Sandblast (safe; 1% risk of failure)
Confirm with . or Enter, or press ? or * to list all spells.
Aiming: Sandblast (safe; 1% risk of failure)
Press: ? - help, Shift-Dir - straight line, f/p - tengu warrior
Aim: a tengu warrior, wielding a +0 great sword and wearing a +0 ring mail The blast of sand misses the tengu warrior.
b - 42 stones The tengu warrior hits you with a +0 great sword!
You die...

#..#.......
#..#.......
#..#..)$?..
#.÷...$}$..
#..#..($?..
#..#.....D.
#..#....... #
#..#########..#
#.....Q@......#
#...[........>#
###############


You could see a tengu warrior.

Vanquished Creatures
  4 orc knights (Bailey)
  A wyvern (D:9)
  A hungry ghost (D:8)
  An acid dragon (D:9)
  A water moccasin (D:7)
  An ice beast (D:8)
  11 orc warriors
  2 sky beasts
  3 ogres
  A phantom (D:6)
  A centaur (D:6)
  A crocodile (D:8)
  A big kobold (D:7)
  3 bullfrogs
  5 scorpions
  5 killer bees
  3 wights (D:7)
  The ghost of Yermak the Sneak, a weakling OpMo (D:5)
  2 howler monkeys
  4 crimson imps
  4 orc priests
  A jelly (D:5)
  4 hounds
  Crazy Yiuf (D:6)
  5 orc wizards
  A bullfrog skeleton (D:5)
  3 centaur skeletons
  2 iguanas
  6 worker ants
  A hound skeleton (D:6)
  2 adders (D:3)
  2 shadow imps (D:7)
  An ooze (D:1)
  5 worms
  4 dart slugs
  2 leopard geckos
  23 orcs
  6 giant cockroaches
  11 goblins
  7 hobgoblins
  7 jackals
  15 kobolds
  3 quokkas
  A ball python (D:1)
  9 bats
  7 frilled lizards
  A jackal skeleton (D:7)
  2 quokka skeletons
  4 rats
192 creatures vanquished.

Notes
Turn   | Place    | Note
-------+----------+-------------------------------------------
     0 | D:1      | Ladeesh the Gargoyle Earth Elementalist began the quest for
                  | the Orb.
     0 | D:1      | Reached XP level 1. HP: 10/10 MP: 3/3
   183 | D:1      | Reached skill level 4 in Earth Magic
   183 | D:1      | Reached XP level 2. HP: 8/15 MP: 0/5
   616 | D:1      | Reached XP level 3. HP: 19/19 MP: 6/6
   629 | D:1      | Learned a level 3 spell: Stone Arrow
  1398 | D:2      | Reached skill level 1 in Conjurations
  1582 | D:2      | Reached XP level 4. HP: 13/24 MP: 5/8
  2603 | D:3      | Found a shimmering altar of Xom.
  2717 | D:3      | Found a sparkling altar of Nemelex Xobeh.
  2718 | D:3      | Found a basalt altar of Yredelemnul.
  2719 | D:3      | Found a glowing silver altar of Zin.
  2719 | D:3      | Found a glowing golden altar of the Shining One.
  2719 | D:3      | Found a blossoming altar of Fedhas.
  2720 | D:3      | Found a burning altar of Makhleb.
  2721 | D:3      | Found a bloodstained altar of Trog.
  2723 | D:3      | Found a radiant altar of Vehumet.
  2724 | D:3      | Found an opulent altar of Gozag.
  3249 | D:3      | Reached skill level 5 in Earth Magic
  3249 | D:3      | Reached XP level 5. HP: 28/28 MP: 1/10
  3938 | D:4      | Reached XP level 6. HP: 32/32 MP: 11/11
  4311 | D:4      | Found a staircase to the Ecumenical Temple.
  4326 | D:4      | Reached skill level 6 in Earth Magic
  4332 | Temple   | Entered the Ecumenical Temple
  4635 | D:3      | Became a worshipper of Vehumet
  4776 | D:4      | Reached XP level 7. HP: 19/36 MP: 13/13
  5166 | D:5      | Entered Level 5 of the Dungeon
  5700 | D:5      | Found a runed door.
  5704 | D:5      | Noticed Yermak's ghost (weakling OpMo)
  5708 | D:5      | Killed Yermak's ghost
  5874 | D:5      | Reached skill level 7 in Earth Magic
  6145 | D:6      | Reached XP level 8. HP: 35/42 MP: 15/15
  6183 | D:6      | Reached skill level 5 in Spellcasting
  6367 | D:6      | Reached skill level 1 in Shields
  6633 | D:6      | Reached skill level 1 in Fighting
  6633 | D:6      | Reached skill level 1 in Maces & Flails
  6633 | D:6      | Reached skill level 1 in Armour
  7063 | D:6      | Reached skill level 5 in Conjurations
  7063 | D:6      | Reached skill level 1 in Evocations
  7234 | D:6      | Found a runed door.
  7238 | D:6      | Noticed Crazy Yiuf
  7243 | D:6      | Killed Crazy Yiuf
  7472 | D:7      | Reached * piety under Vehumet
  7472 | D:7      | Offered knowledge of Sting by Vehumet.
  7576 | D:7      | Reached XP level 9. HP: 20/48 MP: 15/17
  7658 | D:7      | Found a flagged portal.
  7668 | Bailey   | Entered a bailey
  7668 | Bailey   | Noticed an orc knight
  7671 | Bailey   | Noticed an orc knight
  7671 | Bailey   | Noticed an orc knight
  7975 | Bailey   | Killed an orc knight
  7975 | Bailey   | Reached skill level 8 in Earth Magic
  8253 | Bailey   | Killed an orc knight
  8674 | Bailey   | Killed an orc knight
  8674 | Bailey   | Reached XP level 10. HP: 56/56 MP: 7/19
  9026 | Bailey   | Noticed an orc knight
  9040 | Bailey   | Killed an orc knight
  9673 | D:7      | Learned a level 5 spell: Lee's Rapid Deconstruction
 10093 | D:8      | Found a burning altar of Makhleb.
 10738 | D:8      | Reached ** piety under Vehumet
 10738 | D:8      | Offered knowledge of Throw Frost by Vehumet.
 11158 | D:8      | Got a shimmering spear
 11159 | D:8      | Identified the +2 spear of Circular Logic {venom, rF+
                  | Str+2} (You found it on level 8 of the Dungeon)
 11338 | D:8      | Found a white marble altar of Elyvilon.
 11343 | D:8      | Found a shadowy altar of Dithmenos.
 11368 | D:9      | Noticed a tengu warrior
 11536 | D:9      | Slain by a tengu warrior

Vault maps used:
D:1:      lemuel_arrival_funnel, minmay_hexomino_f4
D:3:      minitemple, first_ration
D:4:      minmay_temple_entry_butterflies
D:5:      ebering_ghost_reflecting_pool
D:6:      serial_glass, glass_columns_a, glass_columns_a,
          uniq_crazy_yiuf_cottage
D:7:      enter_bailey_3, dk_noncrumbling_3, mumra_transporter_accident,
          grunt_ogre_cave
D:8:      amethyst_overflow_temple_binary, serial_bayou_pond_c, bloody_makhleb
D:9:      cheibrodos_elevator_heist, erik_lair_island, serial_shops, shop,
          jmf_multi_god_temple
Temple:   dpeg_chambers_temple
Bailey:   bailey_polearm_4, bailey

Skill      XL: |  1  2  3  4  5  6  7  8  9 10 |
---------------+-------------------------------+-----
Earth Magic    | 4 5 6 7 8 |  8.9
Conjurations   | 1 2 3 4 5 6 |  6.9
Spellcasting   | 3 4 5 6 |  6.4
Shields        | 2 3 4 |  4.8
Fighting       | 2 3 4 |  4.7
Maces & Flails | 2 3 4 |  4.3
Armour         | 2 3 4 |  4.7
Dodging        | 2 3 4 |  4.0
Evocations     | 1 3 |  3.9
Stealth        | |  2.1
Transmutations | |  0.7

Action                   |  1- 3 |  4- 6 |  7- 9 | 10-12 || total
-------------------------+-------+-------+-------+-------++-------
Melee: Unarmed           |     8 |       |       |       ||     8
       Club              |    32 |       |       |       ||    32
       Short sword       |   109 |   185 |   121 |   136 ||   551
       War axe           |       |    24 |       |       ||    24
       Mace              |       |     6 |    31 |       ||    37
 Fire: Arbalest          |       |       |    20 |       ||    20
Throw: Stone             |       |       |    13 |       ||    13
 Cast: Sandblast         |    16 |    32 |    67 |    26 ||   141
       Stone Arrow       |       |     7 |    38 |    39 ||    84
       Lee's Rapid Decon |       |       |       |     5 ||     5
Evoke: Wand              |       |       |     8 |     1 ||     9
  Use: Scroll            |     5 |     3 |     5 |     4 ||    17
       Potion            |       |       |       |     1 ||     1
 Stab: Sleeping          |     4 |     2 |     1 |       ||     7
  Eat: Chunk             |     2 |     8 |     4 |     8 ||    22
       Ration            |       |     1 |     3 |     1 ||     5
Armor: Robe              |    85 |   114 |    93 |   109 ||   401
Dodge: Dodged            |   106 |   154 |   109 |   158 ||   527

Table legend:
 A = Non-vault XP
 B = Vault XP
 C = Vault XP percentage of total XP
 D = Non-vault monster count
 E = Vault monster count
 F = Vault count percentage of total count
                 A         B        C        D         E       F
            +---------+---------+-------+---------+---------+-------
      Total |    4370 |    4282 |  49.5 |     162 |      30 |  15.6
            +---------+---------+-------+---------+---------+-------
        D:1 |      63 |       6 |   8.7 |      33 |       3 |   8.3
        D:2 |      39 |       0 |   0.0 |      16 |       0 |   0.0
        D:3 |     202 |       0 |   0.0 |      26 |       0 |   0.0
        D:4 |     332 |       0 |   0.0 |      13 |       0 |   0.0
        D:5 |     417 |      55 |  11.7 |       7 |       1 |  12.5
        D:6 |     590 |      41 |   6.5 |      10 |       1 |   9.1
        D:7 |    1514 |     132 |   8.0 |      38 |       5 |  11.6
        D:8 |    1213 |       0 |   0.0 |      19 |       0 |   0.0
        D:9 |       0 |     361 | 100.0 |       0 |       2 | 100.0
     Bailey |       0 |    3687 | 100.0 |       0 |      18 | 100.0
            +---------+---------+-------+---------+---------+-------
